 Dungeon Crawl Stone Soup version 0.31-a0-1448-g4a97266 (webtiles) character file.

Game seed: 4977886832830124044

49205 samfromsteam the Cleaver (level 14, -4/198 HPs)
             Began as a Minotaur Berserker on Dec 27, 2023.
             Was an Elder of Trog.
             Slain by a dire elephant (8 damage)
             ... on level 5 of the Lair of Beasts.
             The game lasted 00:55:27 (20900 turns).

samfromsteam the Cleaver (Minotaur Berserker)      Turns: 20900, Time: 00:55:27

Health: -4/198     AC: 14    Str: 25    XL:     14   Next: 15%
Magic:  13/13      EV: 18    Int:  4    God:    Trog [****..]
Gold:   1229       SH:  0    Dex: 12    Spells: 13/13 levels left

rFire   + . .        W - +2 eveningstar (drain)
rCold   . . .        (no shield)
rNeg    + . .        K - +1 ring mail "Xauwy" {rF+ rN+}
rPois   .            (helmet restricted)
rElec   .            Q - +0 cloak
rCorr   .            (no gloves)
SInv    .            (no boots)
Will    +++..        v - amulet of magic regeneration Stlth
                     H - +5 ring of evasion
HPRegen 1.53/turn    m - +4 ring of protection
MPRegen 0.53/turn

%: no passive effects
@: berserking, strong-willed, regenerating, constricted, very quick
A: horns 2, retaliatory headbutt
a: Renounce Religion, Berserk, Trog's Hand, Brothers in Arms


You were on level 5 of the Lair of Beasts.
You worshipped Trog.
Trog was greatly pleased with you.
You visited 2 branches of the dungeon, and saw 17 of its levels.

You collected 1251 gold pieces.
You spent 22 gold pieces at shops.

Inventory:

Hand Weapons
 c - the +7 whip "Earthworm" {drain, rPois Int+6 Dex-3}
   (You found it on level 9 of the Dungeon)

   Int+6:     It affects your intelligence (+6).
   Dex-3:     It affects your dexterity (-3).
   rPois:     It protects you from poison
 g - a +2 vampiric scimitar {!w}
 L - a +5 flail
 N - a +3 mace of freezing
 W - a +2 eveningstar of draining (weapon)
Missiles
 w - a throwing net {!f}
Armour
 K - the +1 ring mail "Xauwy" (worn) {rF+ rN+}
   (You found it on level 7 of the Dungeon)

   rF+:       It protects you from fire.
   rN+:       It protects you from negative energy.
 Q - a +0 cloak (worn)
 S - a +1 chain mail of cold resistance
Jewellery
 a - a ring of fire
 i - a ring of fire
 m - a +4 ring of protection (right hand)
 v - an amulet of magic regeneration (around neck)
 z - a ring of protection from cold
 H - a +5 ring of evasion (left hand)
 P - a +5 ring of evasion
Wands
 q - a wand of iceblast (22)
 r - a wand of charming (12) (quivered)
 I - a wand of mindburst (18)
 M - a wand of flame (21)
Scrolls
 f - 3 scrolls of amnesia {unknown}
 j - 3 scrolls of enchant weapon {unknown}
 l - 5 scrolls of enchant armour {unknown}
 n - 3 scrolls of revelation {unknown}
 p - 3 scrolls of noise {unknown}
 s - 2 scrolls of blinking {unknown}
 u - 7 scrolls of teleportation
 x - 3 scrolls of poison {unknown}
 y - a scroll of fear {unknown}
 A - 3 scrolls of brand weapon {unknown}
 C - 2 scrolls of fog {unknown}
 R - 3 scrolls of vulnerability {unknown}
 T - 7 scrolls of identify
 U - 2 scrolls of immolation {unknown}
 V - a scroll of torment {unknown}
Potions
 b - 2 potions of might {unknown}
 d - 2 potions of resistance
 e - 4 potions of berserk rage
 h - a potion of magic {unknown}
 k - 2 potions of attraction {unknown}
 o - a potion of degeneration {unknown}
 t - 4 potions of cancellation
 B - 3 potions of brilliance {unknown}
 D - 2 potions of haste {unknown}
 E - 8 potions of curing
 F - 2 potions of mutation {unknown}
 G - 6 potions of heal wounds
 J - 7 potions of enlightenment {unknown}
 O - 4 potions of invisibility {unknown}


   Skills:
 + Level 14.1 Fighting
 - Level 1.8 Short Blades
 + Level 14.1(15.8) Axes
 + Level 11.9(14.7) Maces & Flails
 + Level 13.9 Armour
 + Level 12.8 Dodging


You had 13 spell levels left.
You didn't know any spells.
Your spell library contained the following spells:

 Spells                   Type           Power      Damage    Failure   Level
 Apportation              Tloc           0%         N/A       61%         1
 Freeze                   Ice            0%         1d3       61%         1
 Call Imp                 Summ           0%         N/A       75%         2
 Ensorcelled Hibernation  Hex/Ice        0%         N/A       75%         2
 Jinxbite                 Hex            0%         N/A       75%         2
 Lesser Beckoning         Tloc           0%         N/A       75%         2
 Sublimation of Blood     Necr           0%         N/A       75%         2
 Frozen Ramparts          Ice            0%         1d1       93%         3
 Gell's Gravitas          Tloc           0%         N/A       93%         3
 Hailstorm                Conj/Ice       0%         3d5       93%         3
 Passwall                 Erth           0%         N/A       93%         3
 Stone Arrow              Conj/Erth      0%         3d7       93%         3
 Swiftness                Air            0%         N/A       93%         3
 Teleport Other           Tloc           0%         N/A       93%         3
 Animate Armour           Summ/Erth      0%         N/A       100%        4
 Cause Fear               Hex            0%         N/A       100%        4
 Petrify                  Alch/Erth      0%         N/A       100%        4
 Alistair's Intoxication  Alch           0%         N/A       100%        5
 Fireball                 Conj/Fire      0%         3d3       100%        5
 Irradiate                Conj/Alch      0%         3d11      100%        5
 Summon Forest            Summ/Tloc      0%         N/A       100%        5
 Dispersal                Tloc           0%         N/A       100%        6
 Eringya's Noxious Bog    Alch           0%         4d6       100%        6
 Malign Gateway           Summ/Tloc      0%         N/A       100%        7
 Summon Hydra             Summ           0%         N/A       100%        7
 Dragon's Call            Summ           0%         N/A       100%        9


Dungeon Overview and Level Annotations

Branches:
Dungeon (12/15)            Temple (0/1) D:7            Lair (5/5) D:9
  Swamp (0/4) Lair:3       Spider (0/4) Lair:2        Slime (0/5) Lair:4
    Orc (0/2) D:12

Altars:
Qazlal
Vehumet
Wu Jian
Xom
Yredelemnul
Zin
Jiyva

Shops:
D:4 *   D:5 *


Innate Abilities, Weirdness & Mutations

You have a pair of horns on your head.
You reflexively headbutt those who attack you in melee.


Message History

You furiously retaliate!
You headbutt the dire elephant.
The dire elephant trunk-slaps you but does no damage.
You puncture the dire elephant! You drain the dire elephant.
You headbutt the dire elephant, but do no damage.
The dire elephant is moderately wounded.
The spectral anaconda grabs you.
The spectral anaconda closely misses you.
The spectral anaconda constricts you.
You sock the dire elephant! You drain the dire elephant.
The dire elephant is moderately wounded.
The spectral anaconda barely misses you.
The spectral anaconda constricts you. The dire elephant tramples you!
* * * LOW HITPOINT WARNING * * *
You are held in place!
The dire elephant trunk-slaps you.
* * * LOW HITPOINT WARNING * * *
The dire elephant simulacrum tramples you.
* * * LOW HITPOINT WARNING * * *
You are held in place!
The dire elephant simulacrum trunk-slaps you but does no damage.
A red film seems to cover your vision as you go berserk!
You feel yourself moving faster!
You feel mighty! Trog will no longer gift you weapons.
The spectral anaconda bites you but does no damage.
The spectral anaconda constricts you.
* * * LOW HITPOINT WARNING * * *
The spectral anaconda bites you but does no damage.
The spectral anaconda constricts you. The dire elephant closely misses you.
The dire elephant trunk-slaps you.
* * * LOW HITPOINT WARNING * * *
The dire elephant simulacrum tramples you!!
* * * LOW HITPOINT WARNING * * *
You are held in place!
The dire elephant simulacrum trunk-slaps you but does no damage.
Unknown command.
You thump the dire elephant!
You headbutt the dire elephant, but do no damage.
The dire elephant is heavily wounded.
The spectral anaconda closely misses you.
The spectral anaconda constricts you. The dire elephant tramples you!
You die... ########## ####'Z#''####♣♣ ##..P##8...8##~~.##8....#..8# ♣ +....8#|=...'Y≈~..Yp....#...# # #...$}#!$ZY.'≈≈≈~.#8.####.#.# # #...)"#8pYY8#≈≈≈≈ ####....#'##### P.YY8

######.~~ #....####.....8 #
#p.###8.8###. ###.#### #P.....
..#####8.⌠.8#####Z..###♣♣##.P...8
#..............Z@Y###....♣#######
########'''########♣.......♣♣####
...♣.............................
.................................
.................................
.............................PP..
.....(........................P.P
............................P...P
...........................P...P.


You could see a dire elephant (drained), a spectral anaconda and a dire elephant
simulacrum.

Vanquished Creatures
  4 dire elephants (Lair:5)
  4 hydras
  Harold (D:9)
  4 two-headed ogres
  3 catoblepae
  5 death yaks
  2 spectral dire elephants (Lair:5)
  A spectral death yak (Lair:5)
  An obsidian statue (Lair:5)
  A necromancer (Lair:5)
  2 cyclopes (D:11)
  8 black mambas
  6 elephants
  Maggie (D:10)
  12 cane toads
  A rime drake (Lair:3)
  10 komodo dragons
  5 trolls
  4 tyrant leeches
  3 polar bears
  14 blink frogs
  A wraith (D:11)
  6 shadows
  4 wyverns
  36 yaks
  2 vampires
  A warg (D:9)
  2 steam dragons
  2 death yak simulacra (Lair:5)
  A vampire mosquito (D:12)
  6 basilisks
  A swamp worm (Lair:3)
  2 spectral cane toads (Lair:5)
  An acid dragon (D:8)
  11 water moccasins
  2 sky beasts
  5 orc warriors
  The ghost of ozjimbob the Chopper, an amateur MiBe of Trog (D:3)
  4 ogres
  8 wolves
  3 elephant skeletons (Lair:5)
  6 centaurs
  8 kobold brigands
  13 bullfrogs
  A cane toad simulacrum (Lair:5)
  A gnoll sergeant (D:12)
  2 scorpions
  10 wights
  2 elephant simulacra (Lair:5)
  16 killer bees
  A howler monkey (D:9)
  6 electric eels
  2 bombardier beetles (D:5)
  15 orc priests
  2 jellies (D:5)
  2 hounds
  A sleepcap (D:8)
  2 iguanas
  8 orc wizards
  6 hell rats (Lair:4)
  8 gnolls
  5 adders
  A shadow imp (D:7)
  A white imp (D:8)
  A dart slug (D:2)
  43 orcs
  5 endoplasms
  2 giant cockroaches (D:1)
  7 goblins
  2 hobgoblins
  11 jackals (D:1)
  23 kobolds
  2 quokkas
  8 ball pythons
  4 bats
  A frilled lizard (D:3)
  4 rats
423 creatures vanquished.

Vanquished Creatures (collateral kills)
  An orc wizard (D:7)
  A gnoll (D:7)
  A dart slug (D:3)
  5 orcs
  A kobold (D:3)
9 creatures vanquished.

Vanquished Creatures (others)
  An ogre (D:5)
  An orc (D:3)
2 creatures vanquished.

Grand Total: 434 creatures vanquished

Notes
Turn   | Place    | Note
-------+----------+-------------------------------------------
     0 | D:1      | samfromsteam the Minotaur Berserker began the quest for the
                  | Orb.
     0 | D:1      | Reached XP level 1. HP: 19/19 MP: 0/0
    76 | D:1      | Reached XP level 2. HP: 26/27 MP: 1/1
   221 | D:1      | Reached XP level 3. HP: 5/33 MP: 2/2
   416 | D:1      | Reached ** piety under Trog
   740 | D:2      | HP: 2/33 [endoplasm (2)]
   886 | D:2      | Reached XP level 4. HP: 36/40 MP: 3/3
   993 | D:2      | Found a faded altar of an unknown god.
  1233 | D:3      | Found a runed translucent door.
  1234 | D:3      | Noticed ozjimbob's ghost (amateur MiBe)
  1275 | D:3      | Found a glowing silver altar of Zin.
  1725 | D:3      | Killed ozjimbob's ghost
  1726 | D:3      | Reached XP level 5. HP: 47/47 MP: 4/4
  1873 | D:4      | Found Xoguxkic's Fire Supplies.
  1908 | D:4      | Found an ornate altar of the Wu Jian Council.
  1956 | D:4      | Found a stormy altar of Qazlal.
  1962 | D:4      | Reached *** piety under Trog
  2270 | D:4      | Found a basalt altar of Yredelemnul.
  2354 | D:4      | Got the Anthology of Context
  2458 | D:5      | Entered Level 5 of the Dungeon
  2466 | D:5      | Found Iauth's Incredible Inventory.
  2477 | D:5      | Bought a scroll of identify for 22 gold pieces
  2501 | D:5      | Reached skill level 5 in Fighting
  2501 | D:5      | Reached skill level 5 in Axes
  2537 | D:5      | Reached XP level 6. HP: 56/56 MP: 5/5
  2915 | D:5      | Reached skill level 5 in Armour
  2915 | D:5      | Reached XP level 7. HP: 46/62 MP: 6/6
  3500 | D:6      | Reached skill level 5 in Dodging
  3840 | D:6      | Reached XP level 8. HP: 28/71 MP: 7/7
  3959 | D:6      | Found a shimmering altar of Xom.
  4450 | D:7      | HP: 6/73 [killer bee (3)]
  4455 | D:6      | HP: 5/73 [poisoned by a killer bee]
  4658 | D:7      | Found a staircase to the Ecumenical Temple.
  4699 | D:7      | Identified the +1 ring mail "Xauwy" {rF+ rN+}
  4855 | D:7      | You fall into a shaft and drop 1 floor!
  4894 | D:8      | Reached skill level 1 in Short Blades
  5136 | D:7      | Found a radiant altar of Vehumet.
  5150 | D:7      | Reached **** piety under Trog
  5151 | D:7      | Reached XP level 9. HP: 65/80 MP: 8/8
  5588 | D:7      | Reached skill level 1 in Maces & Flails
  6570 | D:9      | Found a staircase to the Lair.
  7437 | D:9      | Reached XP level 10. HP: 79/91 MP: 9/9
  7611 | D:9      | Identified the +7 whip "Earthworm" {drain, rPois Int+6
                  | Dex-3}
  7731 | D:9      | Noticed Harold
  7896 | D:9      | Killed Harold
  8290 | D:9      | Reached skill level 5 in Maces & Flails
  8955 | D:10     | Entered Level 10 of the Dungeon
  8962 | D:10     | Noticed a two-headed ogre
  8976 | D:10     | Killed a two-headed ogre
  9000 | D:10     | Noticed a two-headed ogre
  9026 | D:10     | Killed a two-headed ogre
  9027 | D:10     | Reached skill level 10 in Fighting
  9027 | D:10     | Reached skill level 10 in Axes
  9433 | D:10     | Noticed Maggie
  9449 | D:10     | Killed Maggie
  9894 | D:11     | Noticed a cyclops
  9914 | D:11     | Killed a cyclops
  9915 | D:11     | Reached skill level 10 in Armour
  9915 | D:11     | Reached XP level 11. HP: 96/100 MP: 10/10
 10075 | D:11     | Noticed a two-headed ogre
 10089 | D:11     | Killed a two-headed ogre
 10894 | D:12     | Found a staircase to the Orcish Mines.
 11424 | D:12     | Reached ***** piety under Trog
 11497 | D:12     | Noticed a two-headed ogre
 11627 | D:12     | Killed a two-headed ogre
 11628 | D:12     | Reached skill level 10 in Dodging
 12064 | Lair:1   | Entered Level 1 of the Lair of Beasts
 12718 | Lair:1   | Noticed a death yak
 12718 | Lair:1   | Noticed a death yak
 12771 | Lair:1   | Killed a death yak
 12772 | Lair:1   | Reached XP level 12. HP: 96/110 MP: 11/11
 12937 | Lair:1   | Noticed a death yak
 12996 | Lair:1   | Killed a death yak
 13003 | Lair:1   | Killed a death yak
 14229 | Lair:2   | Found a hole to the Spider Nest.
 14782 | Lair:3   | Noticed a catoblepas
 14812 | Lair:2   | Killed a catoblepas
 15208 | Lair:3   | Found a staircase to the Swamp.
 15485 | Lair:3   | Noticed a six-headed hydra
 15514 | Lair:3   | Killed a six-headed hydra
 15615 | Lair:2   | Reached skill level 10 in Maces & Flails
 15907 | Lair:3   | Reached XP level 13. HP: 119/119 MP: 12/12
 18047 | Lair:4   | Found a viscous altar of Jiyva.
 18047 | Lair:4   | Found a staircase to the Slime Pits.
 18303 | Lair:5   | Entered Level 5 of the Lair of Beasts
 19451 | Lair:5   | Noticed a dire elephant
 19451 | Lair:5   | Noticed a dire elephant
 19451 | Lair:5   | Noticed a dire elephant
 19452 | Lair:5   | Noticed a dire elephant
 19477 | Lair:5   | Noticed a dire elephant
 19504 | Lair:5   | Killed a dire elephant
 19763 | Lair:5   | Noticed a dire elephant
 19849 | Lair:5   | Killed a dire elephant
 20224 | Lair:5   | Noticed a dire elephant
 20277 | Lair:5   | Killed a dire elephant
 20278 | Lair:5   | Reached XP level 14. HP: 130/130 MP: 13/13
 20899 | Lair:5   | HP: 4/198 [dire elephant simulacrum[a necromancer] (23)]
 20900 | Lair:5   | Slain by a dire elephant

Illustrated notes

Levels and vault maps discovered:
D:1:      mrwooster_arrival_statue_3, layout_rooms, serial_bayou_pond_e
D:2:      layout_rooms, shapermc_ecumenical_altar_mp_highgroup
D:3:      layout_rooms, lemuel_crystal_altar, gammafunk_ghost_grave
D:4:      layout_basic, mainiacjoe_overflow_alcove_1, nzn_wu_jian_contemplation,
          old_standard_altar, nicolae_shop_fire_sale [nicolae_sub_dead_trees]
D:5:      layout_basic, nicolae_alphabet_shops
D:6:      layout_gridville, amcnicky_altar_gilded
D:7:      layout_loops_ring, nicolae_vehumet_altar_sigil, temple_fountains,
          serial_glass, glass_columns_a, glass_columns_a, hex_tiny,
          nicolae_elevator_lobby_plus
D:8:      layout_basic
D:9:      layout_stronghold, erik_lair_orcish_takeover, uniq_harold
D:10:     layout_rooms, minivault_24, due_unseen_surprise, uniq_maggie
D:11:     layout_rooms
D:12:     layout_gridville, kennysheep_orc_monster_closet_entryway,
          kennysheep_opposing_triangles
Lair:1:   layout_regular_city, lemuel_fruit_tree, infiniplex_staircase_pool_2,
          serial_bayou_shore_b
Lair:2:   layout_roguey, dummy_spider_entry, grunt_megastairs_2,
          infiniplex_staircase_pool
Lair:3:   layout_cellular_growth, minmay_swamp_entry_worms, serial_bayou_lake_a,
          grunt_megastairs_4
Lair:4:   layout_cave_pods, dpeg_slime_entry_corner
Lair:5:   due_jungle_book, layout_regular_city, serial_forest,
          infiniplex_forest_end_3, infiniplex_forest_clump_large,
          infiniplex_forest_straight_3, infiniplex_forest_straight_3,
          infiniplex_forest_clump_diagonal, infiniplex_forest_end_3,
          infiniplex_forest_end_2, infiniplex_forest_lined_room_2,
          infiniplex_forest_clump_double, infiniplex_forest_clump_C

Skill      XL: |  1  2  3  4  5  6  7  8  9 10 11 12 13 14 |
---------------+-------------------------------------------+-----
Fighting       | 4 5 6 7 9 10 11 12 13 14 | 14.1
Axes           | 4 5 6 7 9 10 11 12 13 14 | 14.1
Armour         | 3 4 5 6 7 8 10 11 12 13 | 13.9
Dodging        | 3 4 5 6 7 9 10 11 12 | 12.8
Short Blades   | 1 |  1.8
Maces & Flails | 3 6 8 10 11 | 11.9

Action                     |  1- 3 |  4- 6 |  7- 9 | 10-12 | 13-15 || total
---------------------------+-------+-------+-------+-------+-------++-------
  Melee: Hand axe          |    11 |       |       |       |       ||    11
         Headbutt          |    10 |    22 |    61 |   108 |   171 ||   372
         Short sword       |    67 |   128 |   236 |       |       ||   431
         Punch             |       |       |     2 |     7 |     7 ||    16
         Mace              |       |       |   100 |     4 |       ||   104
         Scimitar          |       |       |       |    69 |       ||    69
         Whip              |       |       |       |   546 |   495 ||  1041
         Eveningstar       |       |       |       |       |    35 ||    35
 Invoke: Berserk           |       |     2 |     4 |    15 |     6 ||    27
         Trog's Hand       |       |       |     5 |     1 |     4 ||    10
  Evoke: Wand              |       |     4 |     1 |       |       ||     5
    Use: Scroll            |       |     2 |     3 |     1 |       ||     6
 Armour: Animal skin       |    42 |     5 |       |       |       ||    47
         Ring mail         |       |    44 |   106 |   269 |   226 ||   645
         Plate armour      |       |    40 |   148 |       |       ||   188
  Dodge: Dodged            |    58 |    57 |   328 |   429 |   304 ||  1176

Table legend: (Time is in decaauts)
 A = Elapsed time spent in this place.
 B = Non-inter-level travel time spent in this place.
 C = Inter-level travel time spent in this place.
 D = Time resting spent in this place.
 E = Time spent auto-exploring this place.
 F = Levels seen in this place.
 G = Mean time per level.
                   A        B        C        D        E       F      G
               +--------+--------+--------+--------+--------+-----+--------+
         Total |  20791 |  20228 |    563 |   5212 |  10756 |  17 | 1223.0 |
       Dungeon |  12489 |  12124 |    365 |   3036 |   6690 |  12 | 1040.8 |
          Lair |   8301 |   8103 |    198 |   2176 |   4066 |   5 | 1660.2 |
               +--------+--------+--------+--------+--------+-----+--------+

Top non-repeatable levels by time:
     D:9: 2512 daAuts
  Lair:5: 2238 daAuts
  Lair:3: 1967 daAuts
     D:8: 1541 daAuts
  Lair:4: 1409 daAuts
  Lair:2: 1363 daAuts
  Lair:1: 1322 daAuts
     D:6: 1190 daAuts
     D:7: 1064 daAuts
    D:12: 988 daAuts
     D:5: 976 daAuts
    D:11: 955 daAuts
    D:10: 794 daAuts
     D:4: 689 daAuts
     D:1: 630 daAuts
